 Dungeon Crawl Stone Soup version 0.32-a0-918-g0f22ef8d61 (webtiles) character file.

Game seed: 14668688685494962829

2802 GeoRichter the Basher (level 9, -3/102 HPs)
             Began as an Oni Cinder Acolyte on Apr 10, 2024.
             Was an Initiate of Gozag.
             Slain by a fire elemental (6 damage)
             ... created by the fiery vengeance of Ignis
             ... on level 6 of the Dungeon.
             The game lasted 00:10:47 (5536 turns).

GeoRichter the Basher (Oni Cinder Acolyte)          Turns: 5536, Time: 00:10:47

Health: -3/102     AC:  7    Str: 22    XL:     9   Next: 71%
Magic:  0/10       EV:  8    Int: 15    God:    Gozag
Gold:   197        SH:  0    Dex: 12    Spells: 10/10 levels left

rFire   . . .        t - +1 flail (heavy)
rCold   . . .        (no shield)
rNeg    . . .        b - +1 robe
rPois   +            (helmet restricted)
rElec   .            q - +2 cloak {rPois}
rCorr   .            (gloves unavailable)
SInv    .            (boots unavailable)
Will    .....        m - amulet of guardian spirit
Stlth   +            w - +6 ring of dexterity
HPRegen 0.37/turn    (no ring)
MPRegen 0.12/turn

%: guardian spirit
@: fire susceptible
A: large, unfitting armour, horns 1, tough skin 1, double potion healing,
drunken brawling
a: Renounce Religion, Potion Petition, Call Merchant, Bribe Branch


You were on level 6 of the Dungeon.
You worshipped Gozag.
Gozag was aware of your devotion.
You visited 2 branches of the dungeon, and saw 7 of its levels.

You collected 417 gold pieces.
You spent 120 gold pieces at shops.
You paid 100 gold pieces to Gozag.

Inventory:

Hand Weapons
 d - a +0 giant club
   (You took it off a two-headed ogre on level 5 of the Dungeon)
 s - a +2 heavy hammer
   (You found it on level 3 of the Dungeon)
 t - a +1 heavy flail (weapon)
   (You took it off Edmund on level 5 of the Dungeon)
Missiles
 f - 6 poisoned darts (quivered)
Armour
 b - a +1 robe (worn)
 q - a +2 cloak of poison resistance (worn)
   (You took it off Crazy Yiuf on level 3 of the Dungeon)
Jewellery
 m - an amulet of guardian spirit (around neck)
   (You found it on level 3 of the Dungeon)
 w - a +6 ring of dexterity (left hand)
   (You found it on level 5 of the Dungeon)
Wands
 o - a wand of paralysis (2)
   (You took it off Ijyb on level 3 of the Dungeon)
Scrolls
 e - a scroll of silence
 g - 3 scrolls of enchant armour
 h - a scroll of revelation {unknown}
 j - a scroll of immolation {!r}
 k - a scroll of amnesia {unknown}
 l - a scroll of fog {unknown}
 n - 2 scrolls of vulnerability {!r}
 r - 2 scrolls of teleportation {@r4}
 u - a scroll of brand weapon
Potions
 a - 2 potions of might
 c - a potion of curing {@q1}
 i - 4 potions of invisibility
 p - a potion of attraction {unknown}
Miscellaneous
 x - a lightning rod (4/4) {!a}
   (You found it on level 5 of the Dungeon)


   Skills:
 + Level 10.6 Fighting
 * Level 11.1 Maces & Flails
 - Level 1.2 Spellcasting
 - Level 2.6 Fire Magic


You had 10 spell levels left.
You didn't know any spells.
Your spell library contained the following spells:

 Spells                   Type           Power      Damage    Failure   Level
 Scorch                   Fire           16%        2d5       12%         2
 Necrotise                Necr           0%         1d4       24%         1
 Vampiric Draining        Necr           0%         2d6       58%         3
 Martyr's Knell           Necr/Summ      0%         N/A       94%         4
 Curse of Agony           Necr           0%         N/A       100%        5


Dungeon Overview and Level Annotations

Branches:
Dungeon (6/15) Zot: 26912  Temple (1/1) D:5 Zot: 5966

Altars:
Ashenzari
Dithmenos
Elyvilon
Gozag
Hepliaklqana
Kikubaaqudgha
Makhleb
Nemelex Xobeh
Uskayaw
Vehumet
Wu Jian
Yredelemnul
Zin
The Shining One

Shops:
D:4 !

Annotations:
D:5 7 runed translucent doors, Drangen's ghost, novice CoHu


Innate Abilities, Weirdness & Mutations

You are too large for most types of armour.
You have a pair of small horns on your head.
You have tough skin. (AC +1)
You gain doubled healing and magic from potions.
Whenever you drink a healing potion, you attack all around you.


Message History

You barely miss the fire elemental.
Your headbutt misses the fire elemental.
The fire elemental barely misses you. The fire elemental hits you.
The fire elemental burns you! The fire elemental hits you.
The fire elemental burns you!
* * * LOW HITPOINT WARNING * * *
The fire elemental hits you. The fire elemental burns you!
* * * LOW HITPOINT WARNING * * *
You take a swig of the potion and twirl your +1 heavy flail.
You miss the fire elemental.
Your headbutt misses the fire elemental.
You hit the fire elemental.
The fire elemental is lightly damaged.
You savour every drop.
You feel better. The fire elemental hits you. The fire elemental burns you!
* * * LOW HITPOINT WARNING * * *
The fire elemental hits you. The fire elemental burns you!
* * * LOW HITPOINT WARNING * * *
You take a swig of the potion and twirl your +1 heavy flail.
You sock the fire elemental!
The fire elemental is moderately damaged.
You hit the fire elemental but do no damage.
You savour every drop.
You feel better. The fire elemental hits you. The fire elemental burns you!
* * * LOW HITPOINT WARNING * * *
The fire elemental barely misses you. The fire elemental hits you.
The fire elemental burns you!
* * * LOW HITPOINT WARNING * * *
You closely miss the fire elemental.
The fire elemental is moderately damaged.
The fire elemental hits you.
* * * LOW HITPOINT WARNING * * *
The fire elemental burns you!
* * * LOW HITPOINT WARNING * * *
The fire elemental closely misses you. x2
You barely miss the fire elemental.
The fire elemental is moderately damaged.
The fire elemental hits you. The fire elemental burns you!
* * * LOW HITPOINT WARNING * * *
The fire elemental hits you. The fire elemental burns you!
* * * LOW HITPOINT WARNING * * *
The fire elemental hits you. The fire elemental burns you!
* * * LOW HITPOINT WARNING * * *
Unknown command.
You bludgeon the fire elemental!!
You destroy the fire elemental!
That felt strangely unrewarding.
The fire elemental hits you. The fire elemental burns you!
You die...
Your body crumbles into a pile of gold.

....#.... /...............#
...........#....###
..................
...........#....##
.................##
........[.........#
.............#.@#.###
.............#.E....#####
..........#.....#...#...#
...[....................# #
..>.......##.##..##.....#
..#
...............).......>#..#
............#..#..##......#
.........##.....#.####..###
.........######.#..# ##.#


You could see a fire elemental.

Vanquished Creatures
  A two-headed ogre (D:5)
  Sigmund (D:4)
  3 fire elementals
  Eustachio (D:4)
  Edmund (D:5)
  A water moccasin (D:5)
  Duvessa (D:4)
  An ice beast (D:5)
  A black bear (D:5)
  A centaur (D:5)
  An ogre (D:5)
  2 phantoms
  4 scorpions
  Dowan (D:4)
  A bombardier beetle (D:4)
  A gnoll bouda (D:5)
  An orc priest (D:5)
  2 jellies
  Crazy Yiuf (D:3)
  Ijyb (D:3)
  Terence (D:3)
  4 iguanas
  Natasha (thrice) (D:4)
  4 orc wizards (D:5)
  3 scorpion zombies (D:4)
  2 hound zombies (D:4)
  Robin (D:2)
  A gnoll (D:5)
  9 adders
  A howler monkey skeleton (D:4)
  A shadow imp (D:5)
  A white imp (D:5)
  2 ribbon worms
  5 dart slugs
  3 orcs
  6 bats
  6 endoplasms
  3 giant cockroaches
  17 goblins
  9 hobgoblins
  8 jackals
  6 kobolds
  A quokka (D:3)
  4 ball pythons
  5 frilled lizards
  4 rats
137 creatures vanquished.

Notes
Turn   | Place    | Note
-------+----------+-------------------------------------------
     0 | D:1      | GeoRichter the Oni Cinder Acolyte began the quest for the
                  | Orb.
     0 | D:1      | Reached XP level 1. HP: 24/24 MP: 2/2
   108 | D:1      | Reached XP level 2. HP: 27/32 MP: 3/3
   475 | D:1      | Reached XP level 3. HP: 39/39 MP: 4/4
   483 | D:1      | Reached skill level 4 in Maces & Flails
  1029 | D:2      | Reached XP level 4. HP: 30/49 MP: 5/5
  1141 | D:2      | Noticed Robin
  1412 | D:2      | Killed Robin
  1652 | D:2      | Reached skill level 5 in Fighting
  1865 | D:3      | Reached XP level 5. HP: 55/57 MP: 6/6
  1873 | D:2      | Reached skill level 5 in Maces & Flails
  2015 | D:3      | Found a runed translucent door.
  2016 | D:3      | Noticed Crazy Yiuf
  2105 | D:3      | Noticed Ijyb
  2113 | D:3      | Paralysed by Ijyb for 3 turns
  2117 | D:3      | Killed Ijyb
  2230 | D:3      | Noticed Terence
  2251 | D:3      | Killed Terence
  2711 | D:3      | Killed Crazy Yiuf
  2712 | D:3      | Reached XP level 6. HP: 67/67 MP: 7/7
  2766 | D:4      | Noticed Duvessa
  2766 | D:4      | Noticed Dowan
  2838 | D:4      | Found Uroyg's Distillery.
  2923 | D:4      | Killed Dowan
  2924 | D:4      | Reached skill level 6 in Maces & Flails
  2926 | D:4      | Killed Duvessa
  2936 | D:4      | Reached XP level 7. HP: 38/76 MP: 4/8
  3066 | D:4      | Bought a potion of might for 40 gold pieces
  3066 | D:4      | Bought a potion of invisibility for 80 gold pieces
  3147 | D:4      | Noticed Eustachio
  3234 | D:4      | Killed Eustachio
  3235 | D:4      | Reached skill level 7 in Maces & Flails
  3405 | D:4      | Noticed Natasha
  3409 | D:4      | Killed Natasha
  3677 | D:4      | Noticed Sigmund
  3691 | D:4      | Killed Sigmund
  3692 | D:4      | Reached skill level 8 in Maces & Flails
  3692 | D:4      | Reached XP level 8. HP: 88/88 MP: 9/9
  3743 | D:4      | Noticed Natasha
  3748 | D:4      | Killed Natasha
  3825 | D:4      | Identified the +8 dagger of the Shrike {pain, rF- rC+
                  | Str+6}
  3857 | D:4      | Noticed Natasha
  3863 | D:4      | Killed Natasha
  3869 | D:5      | Entered Level 5 of the Dungeon
  3960 | D:5      | Noticed Edmund
  3970 | D:5      | Killed Edmund
  4095 | D:5      | Found a large runed translucent door.
  4095 | D:5      | Found a large runed translucent door.
  4108 | D:5      | Noticed a two-headed ogre
  4122 | D:5      | Killed a two-headed ogre
  4123 | D:5      | Reached skill level 9 in Maces & Flails
  4123 | D:5      | Reached XP level 9. HP: 100/100 MP: 10/10
  4125 | D:5      | Reached skill level 10 in Maces & Flails
  4191 | D:5      | Noticed a gargoyle
  4207 | D:5      | Found a large runed translucent door.
  4207 | D:5      | Found a large runed translucent door.
  4473 | D:5      | Reached skill level 10 in Fighting
  4578 | D:5      | Found a staircase to the Ecumenical Temple.
  4627 | Temple   | Entered the Ecumenical Temple
  4644 | Temple   | Fell from the grace of Ignis
  4644 | Temple   | Became a worshipper of Gozag Ym Sagoz the Greedy
  4681 | D:5      | Found a runed translucent gate.
  4681 | D:5      | Found a runed translucent gate.
  4682 | D:5      | Found a runed translucent gate.
  4684 | D:5      | Noticed Drangen's ghost (novice CoHu)
  5203 | D:5      | Reached skill level 11 in Maces & Flails
  5451 | D:5      | You fall into a shaft and drop 1 floor!
  5535 | D:6      | HP: 2/102 [fire elemental[the fiery vengeance of Ignis]
                  | (7)]
  5536 | D:6      | Slain by a fire elemental

Illustrated notes

Levels and vault maps discovered:
D:1:      psy_arrival_dodecagon, layout_basic, kennysheep_doodads
D:2:      layout_rooms, uniq_robin
D:3:      layout_basic, kennysheep_cross_room, dreamdust_mushroom_princess,
          uniq_crazy_yiuf_cottage, uniq_terence, uniq_ijyb
D:4:      layout_rooms, serial_corexii_hall, chequers_hall_statues_y,
          corexii_hall_statues_s, serial_shops, shop, dilly_guarded_unrand_morg,
          uniq_duvessa, uniq_eustachio, uniq_sigmund
D:5:      layout_layer_cave, minmay_temple_entry_large_hall,
          gammafunk_ghost_necromancy, minmay_hollow_rounded_squares, uniq_edmund
D:6:      minmay_chambers_of_sixes, layout_rooms, minmay_misc_feat_cross
Temple:   nicolae_temple_bog_church

Skill      XL: |  1  2  3  4  5  6  7  8  9 |
---------------+----------------------------+-----
Maces & Flails | 4 5 6 8 9 11 | 11.1
Fighting       | 5 6 7 9 10 | 10.6
Spellcasting   | |  1.2
Fire Magic     | |  2.6

Action                     |  1- 3 |  4- 6 |  7- 9 || total
---------------------------+-------+-------+-------++-------
  Melee: Mace              |   104 |    21 |    69 ||   194
         Headbutt          |    12 |    23 |    32 ||    67
         Short sword       |       |   127 |       ||   127
         Flail             |       |       |   142 ||   142
  Throw: Dart              |       |    14 |       ||    14
  Evoke: Wand              |       |     6 |     4 ||    10
    Use: Scroll            |     3 |       |     4 ||     7
         Potion            |       |       |     6 ||     6
   Stab: Paralysed         |       |     5 |    13 ||    18
 Armour: Robe              |   109 |   138 |   227 ||   474
  Dodge: Dodged            |    65 |    73 |   100 ||   238

Table legend: (Time is in decaauts)
 A = Elapsed time spent in this place.
 B = Non-inter-level travel time spent in this place.
 C = Inter-level travel time spent in this place.
 D = Time resting spent in this place.
 E = Time spent auto-exploring this place.
 F = Levels seen in this place.
 G = Mean time per level.
                   A        B        C        D        E       F      G
               +--------+--------+--------+--------+--------+-----+--------+
         Total |   5644 |   5477 |    167 |    769 |   3418 |   7 |  806.3 |
       Dungeon |   5610 |   5458 |    152 |    769 |   3418 |   6 |  935.0 |
        Temple |     33 |     18 |     15 |      0 |      0 |   1 |   33.0 |
               +--------+--------+--------+--------+--------+-----+--------+

Top non-repeatable levels by time:
     D:5: 1555 daAuts
     D:1: 1193 daAuts
     D:3: 1086 daAuts
     D:4: 979 daAuts
     D:2: 708 daAuts
     D:6: 87 daAuts
  Temple: 33 daAuts
